 Dungeon Crawl Stone Soup version 0.28-a0-1235-g7c8fac35f0 (webtiles) character file.

Game seed: 3757123894075409849

212 Zdeegee the Gusty (level 5, -1/22 HPs)
             Began as a Felid Air Elementalist on Dec 24, 2021.
             Succumbed to a scorpion's poison
             ... on level 4 of the Dungeon.
             The game lasted 00:10:30 (5037 turns).

Zdeegee the Gusty (Felid Air Elementalist)          Turns: 5037, Time: 00:10:31

Health: -1/22      AC:  2    Str:  4    XL:     5   Next: 58%
Magic:  4/11       EV: 18    Int: 18    God:
Gold:   43         SH:  0    Dex: 17    Spells: 3/11 levels left
                                        Lives:  0   Deaths: 1

rFire   . . .      SeeInvis +   (weapon unavailable)
rCold   . . .      Faith    .   (shield unavailable)
rNeg    . . .      Spirit   .   (armour unavailable)
rPois   .          Reflect  .   (helmet unavailable)
rElec   .          Harm     .   (cloak unavailable)
rCorr   .          Rampage  .   (gloves unavailable)
Will    .....                   (boots unavailable)
Stlth   +++.......              (no amulet)
HPRegen 0.07/turn               (no ring)
MPRegen 0.12/turn               (no ring)

@: lethally poisoned (-1 -> -11), hasted, very quick
A: very small, claws 1, fangs 3, see invisible, speed 1, shaggy fur 2, stealthy
paws, no weapons or thrown items, no armour, multi-lived
a: no special abilities


You were on level 4 of the Dungeon.
You visited 1 branch of the dungeon, and saw 4 of its levels.

You collected 148 gold pieces.
You spent 105 gold pieces at shops.

Inventory:

Missiles
 c - 58 stones
Scrolls
 a - a scroll of summoning {unknown}
 b - a scroll of enchant weapon {unknown}
 d - 2 scrolls of blinking
 e - a scroll of vulnerability {unknown}
 g - a scroll of amnesia {unknown}
 h - a scroll of brand weapon {unknown}
 j - 2 scrolls of teleportation
 k - a scroll of immolation {unknown}
Potions
 f - a potion of invisibility {unknown}
 i - a potion of haste


   Skills:
 * Level 1.7 Fighting
 * Level 3.9 Dodging
 * Level 3.6 Stealth
 * Level 3.8 Spellcasting
 * Level 2.3 Conjurations
 * Level 4.0 Air Magic
 * Level 1.0 Earth Magic


You had 3 spell levels left.
You knew the following spells:

 Your Spells              Type           Power      Damage    Failure   Level
a - Shock                 Conj/Air       56%        1d6       4%          1
b - Sandblast             Erth           14%        2d6       10%         1
c - Static Discharge      Conj/Air       14%        N/A       6%          2
d - Airstrike             Air            8%         N/A       28%         4

Your spell library contained the following spells:

 Spells                   Type           Power      Damage    Failure   Level
 Swiftness                Air            17%        N/A       9%          3
 Passwall                 Tmut/Erth      4%         N/A       19%         2
 Stone Arrow              Conj/Erth      18%        3d8       22%         3
 Conjure Flame            Conj/Fire      7%         6-21      28%         3
 Ignite Poison            Fire/Tmut/Pois 3%         N/A       41%         3
 Sticky Flame             Conj/Fire      7%         2d3       67%         4


Dungeon Overview and Level Annotations

Branches:
Dungeon (4/15)
 Temple: D:4-7

Altars:

Shops:
D:1 ?


Innate Abilities, Weirdness & Mutations

You have sharp claws.
You have razor-sharp teeth.
You have supernaturally acute eyesight. (SInv)
You cover ground quickly. (Speed+)
You are covered in thick fur. (AC +2)
Your paws help you pounce on unaware monsters.
You are incapable of wielding weapons or throwing items.
You cannot wear armour.
You gain extra lives every three experience levels.


Message History

Magic restored.
Things that are here:
a +0 short sword; an orc corpse A goblin comes into view.
It is wielding a +0 dagger.
A goblin is nearby!
The zap hits the goblin.
You kill the goblin!
You can't see any susceptible monsters within range! (Use Z to cast anyway.)
A scorpion comes into view.
A scorpion is nearby!
The zap misses the scorpion.
Casting: Shock (safe; 4% risk of failure)
Confirm with . or Enter, or press ? or * to list all spells.
The scorpion is struck by an arc of lightning.
The scorpion is lightly wounded.
You are struck by an arc of lightning.
The lightning grounds out.
The scorpion closely misses you.
Casting: Static Discharge (safe; 6% risk of failure)
Confirm with . or Enter, or press ? or * to list all spells.
The scorpion is struck by an arc of lightning!
The scorpion is severely wounded.
You are struck by an arc of lightning.
The lightning grounds out.
The scorpion stings you.
Casting: Static Discharge (safe; 6% risk of failure)
Confirm with . or Enter, or press ? or * to list all spells.
The scorpion is struck by an arc of lightning.
The scorpion is almost dead.
You are struck by an arc of lightning.
The lightning grounds out.
The scorpion stings you.
You are lethally poisoned!
The scorpion poisons you!
Casting: Static Discharge (safe; 6% risk of failure)
Confirm with . or Enter, or press ? or * to list all spells.
Okay, then.
* * * LOW HITPOINT WARNING * * *
You feel very sick.
* * * LOW HITPOINT WARNING * * *
You feel sick.
It was a potion of haste.
You feel yourself speed up.
You die...

# ..# # #..########### #
#..#.......... #
#..#.#........ #
#..#.#.####### #.
#..#.#.####
####).####.........###
........s@...#.......#
##########..###.##.#.###..
##.## ##.#)....... #.##
##)....(... ##.##
##)###.(....
##.###...........
##.#............
##.############ ###


You could see a scorpion.

Vanquished Creatures
  An ice beast (D:3)
  An ogre (D:3)
  Crazy Yiuf (D:2)
  Jessica (D:3)
  An orc wizard (D:3)
  6 gnolls
  2 adders
  2 worms (D:3)
  3 dart slugs
  10 orcs
  A ball python (D:1)
  3 bats
  8 endoplasms
  2 giant cockroaches (D:1)
  3 goblins
  5 hobgoblins
  A quokka (D:4)
  3 frilled lizards
  2 kobolds
  A rat (D:2)
57 creatures vanquished.

Notes
Turn   | Place    | Note
-------+----------+-------------------------------------------
     0 | D:1      | Zdeegee the Felid Air Elementalist began the quest for the
                  | Orb.
     0 | D:1      | Reached XP level 1. HP: 7/7 MP: 4/4
    75 | D:1      | Found a faded altar of an unknown god.
    77 | D:1      | Reached skill level 1 in Conjurations
   428 | D:1      | Found Oxtyphos's Magic Scroll Emporium.
   470 | D:1      | Reached XP level 2. HP: 11/11 MP: 0/6
   557 | D:1      | Learned a level 1 spell: Sandblast
  1143 | D:2      | Reached skill level 3 in Air Magic
  1143 | D:2      | Reached XP level 3. HP: 15/15 MP: 2/7
  1146 | D:2      | Learned a level 2 spell: Static Discharge
  1410 | D:2      | Found a runed translucent door.
  1411 | D:2      | Noticed Crazy Yiuf
  2059 | D:2      | Killed Crazy Yiuf
  2060 | D:2      | Reached skill level 1 in Fighting
  2060 | D:2      | Reached XP level 4. HP: 19/19 MP: 0/9
  2334 | D:3      | Noticed an ice beast
  2793 | D:3      | Killed an ice beast
  2794 | D:3      | Reached XP level 5. HP: 17/22 MP: 0/10
  2923 | D:3      | Learned a level 4 spell: Airstrike
  3344 | D:3      | Noticed an ogre
  3348 | D:3      | Noticed Jessica
  3350 | D:3      | Killed an ogre
  3545 | D:3      | Gained mutation: You are covered in thick fur. (AC +2)
                  | [Felid growth]
  3545 | D:3      | Reached XP level 6. HP: 25/25 MP: 5/12
  3557 | D:3      | Reached skill level 1 in Earth Magic
  3745 | D:3      | Killed Jessica
  3885 | D:1      | Bought a scroll of teleportation for 30 gold pieces
  3885 | D:1      | Bought a scroll of blinking for 75 gold pieces
  4456 | D:4      | Reached skill level 4 in Air Magic
  4928 | D:4      | Slain by an ogre
  4929 | D:4      | Reached XP level 5. HP: -3/22 MP: 11/11
  5037 | D:4      | Succumbed to a scorpion's poison

Illustrated notes

Levels and vault maps discovered:
D:1:      moated_graveyard_arrival, layout_rooms,
          shapermc_ecumenical_altar_totnotflames, serial_shops, shop
D:2:      layout_loops_ring, uniq_crazy_yiuf_cottage
D:3:      layout_basic, minmay_misc_feat_pillars, uniq_jessica
D:4:      layout_loops_ring, minmay_bisected

Skill      XL: |  1  2  3  4  5  6 |
---------------+-------------------+-----
Conjurations   | 1 2 |  2.3
Stealth        | 3 |  3.6
Dodging        | 3 |  3.9
Air Magic      | 3 4 |  4.0
Fighting       | 1 |  1.7
Spellcasting   | 3 |  3.8
Earth Magic    | 1 |  1.0

Action                   |  1- 3 |  4- 6 || total
-------------------------+-------+-------++-------
Melee: Unarmed           |    13 |    29 ||    42
       Bite              |     2 |     3 ||     5
 Cast: Shock             |    60 |    98 ||   158
       Sandblast         |     4 |     2 ||     6
       Static Discharge  |       |     5 ||     5
       Airstrike         |       |     7 ||     7
  Use: Potion            |       |     1 ||     1
       Scroll            |       |     1 ||     1
 Stab: Sleeping          |       |     1 ||     1
Armor: Skin              |     2 |     2 ||     4
Dodge: Dodged            |     9 |    32 ||    41

Table legend: (Time is in decaauts)
 A = Elapsed time spent in this place.
 B = Non-inter-level travel time spent in this place.
 C = Inter-level travel time spent in this place.
 D = Time resting spent in this place.
 E = Time spent auto-exploring this place.
 F = Levels seen in this place.
 G = Mean time per level.
                   A        B        C        D        E       F      G
               +--------+--------+--------+--------+--------+-----+--------+
         Total |   4544 |   4318 |    226 |   1240 |   2358 |   4 | 1136.0 |
       Dungeon |   4544 |   4318 |    226 |   1240 |   2358 |   4 | 1136.0 |
               +--------+--------+--------+--------+--------+-----+--------+

Top non-repeatable levels by time:
     D:3: 1799 daAuts
     D:2: 1369 daAuts
     D:1: 925 daAuts
     D:4: 449 daAuts
